 Dungeon Crawl Stone Soup version 0.31.0-12-g77e489cdc1 (webtiles) character file.

Game seed: 9878633339163376020

4289 H0rd4k the Martial Artist (level 10, -7/74 HPs)
             Began as an Octopode Artificer on Feb 27, 2024.
             Was an Initiate of Gozag.
             Mangled by a yak (12 damage)
             ... on level 9 of the Dungeon.
             The game lasted 00:15:28 (9534 turns).

H0rd4k the Martial Artist (Octopode Artificer)      Turns: 9534, Time: 00:15:29

Health: -7/74      AC:  1    Str: 11    XL:     10   Next: 32%
Magic:  15/15      EV: 13    Int: 24    God:    Gozag
Gold:   730        SH:  5    Dex: 16    Spells: 13/15 levels left

rFire   x . .        E - +6 rapier of Sudden Death {freeze, rElec rPois rF- Dex+3}
rCold   . . .        (no shield)
rNeg    . . .        (helmet restricted)
rPois   +            z - amulet of reflection
rElec   +            r - +4 ring of slaying
rCorr   .            v - ring of wizardry
SInv    .            m - +6 ring of intelligence
Will    .....        (no ring)
Stlth   +++          (no ring)
HPRegen 0.32/turn    (no ring)
MPRegen 0.14/turn    (no ring)
                     (no ring)

%: reflection, wizardry (x1)
@: no status effects
A: almost no armour, amphibious, 8 rings, camouflage 1, gelatinous body 1,
(nimble swimmer 1), tentacles
a: Renounce Religion, Potion Petition, Call Merchant, Bribe Branch


You were on level 9 of the Dungeon.
You worshipped Gozag.
Gozag was pleased with you.
You visited 3 branches of the dungeon, and saw 11 of its levels.

You collected 861 gold pieces.
You paid 131 gold pieces to Gozag.

Inventory:

Hand Weapons
 y - a +3 short sword
 E - the +6 rapier of Sudden Death (weapon) {freeze, rElec rPois rF- Dex+3}
   (You found it on level 9 of the Dungeon)

   Dex+3:     It affects your dexterity (+3).
   rF-:       It makes you vulnerable to fire.
   rElec:     It insulates you from electricity.
   rPois:     It protects you from poison
Missiles
 p - 2 throwing nets
 t - 20 poisoned darts (quivered)
Magical Staves
 A - a staff of earth
Jewellery
 m - a +6 ring of intelligence (on tentacle)
 r - a +4 ring of slaying (left tentacle)
 v - a ring of wizardry (right tentacle)
 w - an amulet of faith
 z - an amulet of reflection (around mantle)
Wands
 c - a wand of charming (4)
 u - a wand of paralysis (8)
 B - a wand of polymorph (6)
 C - a wand of acid (6)
Scrolls
 e - 3 scrolls of amnesia
 f - a scroll of torment
 h - 2 scrolls of poison
 l - 2 scrolls of vulnerability
 n - 4 scrolls of revelation
 o - a scroll of fear
 s - a scroll of brand weapon
Potions
 a - a potion of lignification {unknown}
 b - a potion of haste {unknown}
 d - a potion of degeneration {unknown}
 g - 2 potions of might
 i - a potion of heal wounds
 j - 3 potions of curing
 k - a potion of resistance {unknown}
 q - 3 potions of mutation
 x - a potion of ambrosia {unknown}


   Skills:
 + Level 9.1 Fighting
 * Level 0.4 Short Blades
 + Level 2.5 Throwing
 - Level 2.3 Dodging
 - Level 1.3 Stealth
 - Level 0.7 Shields
 - Level 10.3 Unarmed Combat
 * Level 3.3 Spellcasting
 + Level 1.3 Translocations
 - Level 3.2 Evocations


You had 13 spell levels left.
You knew the following spells:

 Your Spells              Type           Power      Damage    Failure   Level
a - Blink                 Tloc           20%        N/A       3%          2

Your spell library contained the following spells:

 Spells                   Type           Power      Damage    Failure   Level
 Lesser Beckoning         Tloc           20%        N/A       3%          2
 Summon Small Mammal      Summ           16%        N/A       4%          1
 Momentum Strike          Conj/Tloc      14%        3d8       4%          2
 Ensorcelled Hibernation  Hex/Ice        8%         N/A       6%          2
 Gell's Gravitas          Tloc           10%        N/A       8%          3
 Teleport Other           Tloc           10%        N/A       8%          3
 Call Canine Familiar     Summ           4%         N/A       12%         3
 Fugue of the Fallen      Necr           4%         N/A       12%         3
 Anguish                  Hex/Necr       2%         N/A       38%         4
 Cause Fear               Hex            2%         N/A       38%         4
 Summon Blazeheart Golem  Fire/Summ      4%         N/A       38%         4
 Dispersal                Tloc           5%         N/A       97%         6
 Enfeeble                 Hex            2%         N/A       100%        7


Dungeon Overview and Level Annotations

Branches:
Dungeon (9/15)             Temple (1/1) D:7            Lair (1/5) D:9
    Orc: D:9-12

Altars:
Ashenzari
Cheibriados
Dithmenos
Elyvilon
Gozag
Hepliaklqana
Kikubaaqudgha
Nemelex Xobeh
Okawaru
Qazlal
Ru
Sif Muna
Trog
Uskayaw
Vehumet
Wu Jian
Xom
Yredelemnul
Zin
The Shining One

Shops:
D:5 (:=*?

Annotations:
D:3 1 runed translucent door, exclusion: door, Crazy Yiuf
D:4 exclusion: downstairs
D:5 exclusion: troll
D:6 exclusion: downstairs
D:7 1 runed translucent door, exclusion: downstairs, Beaer's ghost, novice FeFi
D:8 exclusion: downstairs, Gastronok
D:9 1 exclusion


Innate Abilities, Weirdness & Mutations

You cannot wear most types of armour.
You are amphibious.
You can wear up to eight rings at the same time.
Your skin changes colour to match your surroundings (Stealth+).
Your rubbery body absorbs attacks. (AC +1, EV +1)
((You are camouflaged when in or above water. (Stealth+)))
You have tentacles for arms and can constrict up to eight enemies at once.


Message History

A yak comes into view.
The yak gores you!
A cane toad comes into view.
A komodo dragon comes into view.
The yak gores you!
There is a staircase back to the Dungeon here.
The yak closely misses you. The yak gores you!
* * * LOW HITPOINT WARNING * * *
You climb upwards.
Welcome back to the Dungeon!
Level annotation: 1 exclusion
There is a staircase to the Lair here.
The yak gores you.
* * * LOW HITPOINT WARNING * * *
The yak attacks as it pursues you! You block the yak's attack.
The yak attacks as it pursues you! The yak gores you!
* * * LOW HITPOINT WARNING * * *
Aiming: Paralyse
Press: ? - help, Shift-Dir - straight line, f - yak
Aim: a yak (lightly wounded, chance to affect: 57%)
The yak suddenly stops moving!
The helpless yak fails to defend itself.
You puncture the yak! You freeze the yak.
The yak is moderately wounded.
The helpless yak fails to defend itself.
You hit the yak. You freeze the yak. You squeeze the yak!
The yak is severely wounded.
The yak gores you!
* * * LOW HITPOINT WARNING * * *
Aiming: Paralyse
Press: ? - help, Shift-Dir - straight line, f - yak, p - yak
Aim: a yak (chance to affect: 57%)
The yak resists with significant effort.
The yak barely misses you.
Unknown command.
Aiming: Paralyse
Press: ? - help, Shift-Dir - straight line, f/p - yak
Aim: a yak (chance to affect: 57%)
The yak resists with significant effort.
The yak gores you!
You die...
Your body crumbles into a pile of gold.

#..y.......########.....########
#y..y....... #####.>......#
##...........## #.........
#.......####..###### #.........
#.......###........#####..#####..
#...<.?.....#####.##......# ##.
#.......#### #..#......# #..
#.......# ###........# #..
#####..#########@.<..###..# #..
#.........YY.........# #..
.......>........##...+ +..
#...........#.#......+ +.#
#....................+ +.
#....................#
#......>..........##.#
#........##.#........#
#..........[...####..#


You could see 2 yaks.

Vanquished Creatures
  A wyvern (D:8)
  5 yaks (D:8)
  Eustachio (D:5)
  2 steam dragons
  Menkaure (D:7)
  2 water moccasins
  A sky beast (D:8)
  2 black bears
  3 centaurs
  An ogre (D:4)
  A phantom (D:5)
  2 kobold brigands (D:7)
  2 bullfrogs (D:7)
  A gnoll sergeant (D:7)
  5 wights
  3 scorpions
  2 bombardier beetles (D:4)
  A gnoll bouda (D:6)
  7 orc priests
  3 hounds
  3 sleepcaps
  6 iguanas
  6 orc wizards
  Natasha (thrice) (D:4)
  12 gnolls
  8 adders
  A shadow imp (D:5)
  3 white imps
  A dart slug (D:4)
  2 ribbon worms
  20 orcs
  7 ball pythons
  2 bats
  5 endoplasms
  4 giant cockroaches
  3 goblins
  2 hobgoblins (D:1)
  15 jackals
  12 kobolds
  2 quokkas
  2 frilled lizards
  4 rats
169 creatures vanquished.

Vanquished Creatures (collateral kills)
  A wight (D:7)
  An iguana (D:4)
  An orc (D:3)
3 creatures vanquished.

Vanquished Creatures (others)
  A sky beast (D:7)
  A wight (D:7)
  2 orc wizards (D:3)
4 creatures vanquished.

Grand Total: 176 creatures vanquished

Notes
Turn   | Place    | Note
-------+----------+-------------------------------------------
     0 | D:1      | H0rd4k the Octopode Artificer began the quest for the Orb.
     0 | D:1      | Reached XP level 1. HP: 13/13 MP: 1/1
   118 | D:1      | Reached skill level 1 in Unarmed Combat
   158 | D:1      | Reached XP level 2. HP: 18/18 MP: 2/2
   383 | D:1      | Reached skill level 2 in Unarmed Combat
   963 | D:1      | Reached XP level 3. HP: 17/23 MP: 3/3
  1250 | D:2      | Reached skill level 3 in Unarmed Combat
  1468 | D:3      | Reached XP level 4. HP: 9/29 MP: 4/4
  1824 | D:3      | Reached skill level 4 in Unarmed Combat
  1824 | D:3      | Reached XP level 5. HP: 20/34 MP: 5/5
  1905 | D:3      | Found a faded altar of an unknown god.
  2448 | D:3      | Found a runed translucent door.
  2449 | D:3      | Noticed Crazy Yiuf
  2593 | D:4      | Reached skill level 5 in Unarmed Combat
  2752 | D:4      | Noticed a black bear
  2851 | D:4      | Reached XP level 6. HP: 34/39 MP: 6/6
  2909 | D:4      | Killed a black bear
  2910 | D:4      | Reached skill level 6 in Unarmed Combat
  2958 | D:4      | Noticed Natasha
  2964 | D:4      | Killed Natasha
  3122 | D:4      | Reached XP level 7. HP: 42/45 MP: 7/7
  3444 | D:4      | Noticed Natasha
  3448 | D:4      | Killed Natasha
  3566 | D:4      | Reached skill level 7 in Unarmed Combat
  3848 | D:5      | Entered Level 5 of the Dungeon
  3848 | D:5      | Noticed Eustachio
  3857 | D:5      | Killed Eustachio
  3858 | D:5      | Reached skill level 8 in Unarmed Combat
  3858 | D:5      | Reached XP level 8. HP: 10/52 MP: 8/8
  4089 | D:4      | Noticed Natasha
  4096 | D:4      | Killed Natasha
  4145 | D:5      | Found Byziepsy's Magic Scroll Shop.
  4283 | D:5      | Found Wonoulol's Jewellery Emporium.
  4353 | D:5      | Found Veg Asece's Book Emporium.
  4391 | D:5      | Reached skill level 9 in Unarmed Combat
  4400 | D:5      | Noticed a troll
  4426 | D:5      | Found Fakhluot's Antique Weapon Boutique.
  4854 | D:5      | Found Sumumi's General Store.
  5176 | D:6      | Reached skill level 10 in Unarmed Combat
  5634 | D:6      | Reached XP level 9. HP: 55/58 MP: 9/9
  5941 | D:6      | Learned a level 2 spell: Blink
  5958 | D:7      | Found a runed translucent door.
  6073 | D:7      | Reached skill level 5 in Fighting
  6406 | D:7      | Found a staircase to the Ecumenical Temple.
  6418 | Temple   | Entered the Ecumenical Temple
  6427 | Temple   | Became a worshipper of Gozag Ym Sagoz the Greedy
  6574 | D:7      | Identified the +8 falchion of Diturum {vamp, Fly Dex+5}
  6601 | D:7      | Noticed Menkaure
  6615 | D:7      | Killed Menkaure
  6774 | D:7      | You fall into a shaft and drop 2 floors!
  7104 | D:8      | Found a shimmering blue altar of Sif Muna.
  7105 | D:8      | Found a shadowy altar of Dithmenos.
  7105 | D:8      | Found a bloodstained altar of Trog.
  7106 | D:8      | Found a glowing golden altar of the Shining One.
  7410 | D:8      | Found a hide-covered altar of Uskayaw.
  7748 | D:7      | Noticed Beaer's ghost (novice FeFi)
  8040 | D:7      | Reached skill level 1 in Translocations
  8051 | D:7      | Reached skill level 1 in Spellcasting
  8393 | D:8      | Reached skill level 1 in Throwing
  8393 | D:8      | Reached XP level 10. HP: 71/73 MP: 10/12
  8628 | D:8      | Noticed Gastronok
  9185 | D:9      | Found a radiant altar of Vehumet.
  9187 | D:9      | Identified the +6 rapier of Sudden Death {freeze, rElec
                  | rPois rF- Dex+3}
  9448 | D:9      | Found a staircase to the Lair.
  9520 | Lair:1   | Entered Level 1 of the Lair of Beasts
  9523 | Lair:1   | Noticed a cane toad
  9534 | D:9      | Mangled by a yak

Illustrated notes

Levels and vault maps discovered:
D:1:      onia_arrival_pentagram, layout_basic, chequers_big_river
D:2:      layout_rooms
D:3:      layout_basic, nicolae_ecumenical_snake_handling, st_stairs_7,
          nicolae_elevator_lobby_plus, uniq_crazy_yiuf_cottage
D:4:      layout_layer_cave, grunt_ministairs_9, minmay_misc_feat_nine_boxes,
          serial_bayou_pond_e, nrook_mini_vaults, bh_walls_and_bars,
          uniq_natasha
D:5:      layout_gridville, serial_shops, nicolae_shop_gaudy_bauble,
          nicolae_book_shop_shelving, nicolae_square_shop,
          nicolae_lakefront_shop, kennysheep_little_box, uniq_eustachio
D:6:      layout_cave_pools
D:7:      layout_basic, minmay_temple_entry_hall,
          hellmonk_ghost_happy_afterlife, uniq_menkaure
D:8:      layout_basic, chequers_temple_overflow_statue_of_worship,
          lemuel_crystal_altar, uniq_gastronok
D:9:      layout_rooms, mainiacjoe_overflow_big_doors, nicolae_vehumet_radiance,
          lair_entry_dummy, nicolae_concentric_dashed_squares_wild
Temple:   nicolae_temple_bog_church
Lair:1:   layout_regular_city, st_stairs_6, infiniplex_staircase_pool

Skill      XL: |  1  2  3  4  5  6  7  8  9 10 |
---------------+-------------------------------+-----
Unarmed Combat | 1 2 3 4 5 6 8 10 | 10.3
Fighting       | 2 3 4 8 9 |  9.1
Translocations | 1 |  1.3
Spellcasting   | 1 3 |  3.3
Throwing       | 1 2 |  2.5
Short Blades   | |  0.4
Dodging        | |  2.3
Stealth        | |  1.3
Shields        | |  0.7
Evocations     | |  3.2

Action                     |  1- 3 |  4- 6 |  7- 9 | 10-12 || total
---------------------------+-------+-------+-------+-------++-------
  Melee: Unarmed           |    94 |    77 |   226 |    32 ||   429
         Constrict         |    22 |    23 |    59 |     4 ||   108
         Tentacles         |    17 |    19 |    56 |    10 ||   102
         Punch             |     1 |     4 |    19 |     1 ||    25
         Rapier            |       |       |       |     8 ||     8
  Throw: Dart              |       |       |    12 |    10 ||    22
  Evoke: Wand              |     2 |    17 |    20 |     4 ||    43
    Use: Potion            |       |       |     2 |       ||     2
         Scroll            |       |       |    12 |     1 ||    13
   Stab: Sleeping          |     6 |     6 |    11 |       ||    23
         Paralysed         |       |       |     4 |     2 ||     6
 Armour: Skin              |    39 |    30 |   138 |    39 ||   246
  Dodge: Dodged            |    60 |    29 |   118 |    22 ||   229
  Block: Other             |       |       |     8 |    10 ||    18
         Reflection        |       |       |     2 |     3 ||     5
